[Event "*** Titled Tuesday Blitz"]
[Site "Chess.com"]
[Date "2020.05.05"]
[Round "2"]
[White "SahaNeelash"]
[Black "xamax2000"]
[Result "0-1"]
[WhiteElo "2496"]
[BlackElo "2724"]
[TimeControl "180+1"]
[EndTime "10:19:14 PDT"]
[Termination "xamax2000 won on time"]

1. d4 d6 2. e4 Nf6 3. Nc3 g6 4. Be2 Bg7 5. h4 h5 6. Nf3 O-O 7. Ng5 e5 8. dxe5 dxe5 9. Be3 Qe7 10. Bc4 c6 11. f3 b5 12. Bb3 a5 13. a3 Na6 14.
Qe2 Nc5 15. Ba2 Ne6 16. Qf2 Rd8 17. Bb6 Re8 18. O-O Nxg5 19. hxg5 Nh7 20. Rad1 Nxg5 21.
Bc5 Qb7 22. Qg3 Ne6 23. Bd6 Nd4 24. Rf2 Be6 25. Bxe5 Bxe5 26. Qxe5 Nxf3+ 27. Rxf3 Bxa2 28. Qf4 Be6 29. Rdf1 Bg4 30. Qxf7+ Qxf7 31. Rxf7 Rf8 32. R7f6 Rxf6 33. Rxf6 b4 34. Na4 bxa3 35. bxa3 Re8 36.
Rxg6+ Kf7 37. Rxc6 Rxe4 38. c4 Re3 39. Ra6 Rxa3 40.
Nb6 Ra1+ 41. Kh2 Be2 0-1

[Event "*** Titled Tuesday Blitz"]
[Site "Chess.com"]
[Date "2020.05.05"]
[Round "2"]
[White "hazy13"]
[Black "SARGISMV"]
[Result "0-1"]
[WhiteElo "2186"]
[BlackElo "2428"]
[TimeControl "180+1"]
[EndTime "10:19:14 PDT"]
[Termination "SARGISMV won by resignation"]

1. d4 Nf6 2. c4 c5 3. d5 e6 4. Nc3 exd5 5. cxd5 d6 6. Nf3 g6 7. Nd2 Bg7 8. Nc4 O-O 9. Bf4 Ne8 10. e3 a6 11. a4 Qc7 12. Bd3 Nd7 13. a5 b5 14.
axb6 Nxb6 15. O-O Rb8 16. Na5 Bxc3 17. bxc3 Nxd5 18. Bh6 Ng7 19. Qf3 Be6 20. Be4 Nxc3 21. Qf6 Ne2+ 22. Kh1 Nh5 23. Qg5 Qd8 24. Qxd8 Rfxd8 25. Nc6 Nc3 26. Bf3 d5 27. Nxd8 Rxd8 28. Rxa6 Nf6 29. Bg5 Kg7 30. Rc1 d4 31. Rc6 Na4 32.
Bd1 Nb2 33. Rc2 Nxd1 34. R6xc5 dxe3 35. fxe3 h6 36. Bf4 g5 37. Be5 Nxe3 38. Rc1 Ng4 39. Bc7 Rd2 40. h3 Nf2+ 41. Kg1 N2e4 42. Ra5 Kg6 43.
Be5 Bd5 44. Bxf6 Nxf6 45. Ra6 Rxg2+ 46. Kf1 Rh2 47. Rc5 Rh1+ 48. Ke2 Bg2 49. Rb5 Rf1 50.
Rbb6 Rf5 51. Rd6 Bxh3 52. Ke3 Bg4 53. Rab6 h5 54. Rd8 h4 55. Rg8+ Kh7 56. Rf8 Kg7 57.
Rfb8 h3 58. R8b7 h2 59. Rc7 h1=Q 60. Rbb7 Qe4+ 0-1

[Event "*** Titled Tuesday Blitz"]
[Site "Chess.com"]
[Date "2020.05.05"]
[Round "2"]
[White "Winehouse83"]
[Black "JoachimMouhamad"]
[Result "0-1"]
[WhiteElo "2525"]
[BlackElo "2301"]
[TimeControl "180+1"]
[EndTime "10:19:15 PDT"]
[Termination "JoachimMouhamad won on time"]

1. d4 Nf6 2. c4 g6 3. Nc3 d5 4. cxd5 Nxd5 5. e4 Nxc3 6. bxc3 Bg7 7. Bc4 O-O 8. Ne2 c5 9. Be3 b6 10. O-O Bb7 11. f3 e6 12. dxc5 Qc7 13. Qb3 Nd7 14. cxb6 axb6 15. Rfd1 Nc5 16. Qb1 Rfd8 17. Bb5 Bc6 18.
Nd4 Bxb5 19. Nxb5 Qc6 20. Qb2 Na4 21. Qb3 Nc5 22. Qc4 Rxd1+ 23. Rxd1 h5 24. Rd6 Qc8 25.
Rxb6 Na4 26. Rc6 Qd8 27. Rd6 Qa5 28. Nc7 Rc8 29. Rc6 Rd8 30. h3 Nb2 31. Qb5 Qxa2 32. Qe2 Qb1+ 33. Kh2 Nd1 34. Bg1 Be5+ 35. g3 Qc1 36. Kh1 Rd2 37. Qe1 Qc2 38. Rc5 Bd6 39. Rc6 Be5 40. Rc5 Bd6 41. Rc6 Nf2+ 42. Bxf2 Rxf2 43. Qg1 Ba3 44. Nxe6 fxe6 45. Rc8+ Kg7 46. Rg8+ Kh6 47. Rh8+ Kg7 48. Rd8 Rd2 49. Rc8 Rd1 50.
Rc7+ Kh6 51. Rg7 Rxg1+ 0-1

[Event "*** Titled Tuesday Blitz"]
[Site "Chess.com"]
[Date "2020.05.05"]
[Round "2"]
[White "CMS13"]
[Black "medalja"]
[Result "1/2-1/2"]
[WhiteElo "2168"]
[BlackElo "2400"]
[TimeControl "180+1"]
[EndTime "10:19:15 PDT"]
[Termination "Game drawn by repetition"]

1. e4 c6 2. Nc3 d5 3. Nf3 dxe4 4.
Nxe4 Bg4 5. h3 Bh5 6. Ng3 Bxf3 7. Qxf3 Nf6 8. Bc4 Nbd7 9. d4 Nb6 10. Bb3 Qxd4 11.
Be3 Qxb2 12. O-O e6 13. Rad1 Be7 14. Bd4 Qa3 15. Nh5 Nxh5 16. Qxh5 Nd5 17. Bxg7 Rg8 18.
Qxh7 O-O-O 19. Be5 Rdf8 20. Rd3 Qc5 21. Bd4 Qa5 22.
Qe4 Bd6 23. Kh1 Rg6 24. Bxd5 cxd5 25. Qf3 Bc7 26. Rc3 Kb8 27. Ra3 Qb4 28. Bxa7+ Kc8 29. Bd4 Qd6 30. Ra8+ Kd7 31. g3 Rxa8 32. Qxf7+ Qe7 33.
Qxg6 Rxa2 34. Be3 Bd6 35. Qd3 Ra6 36. Qb5+ Rc6 37. Qxb7+ Bc7 38. Qb5 Qh7 39. c4 Qxh3+ 40. Kg1 Bxg3 41. fxg3 Qxg3+ 42. Kh1 Qh3+ 43. Kg1 Qxe3+ 44. Kg2 Qe2+ 45. Rf2 Qg4+ 46. Kf1 Qh3+ 47. Kg1 Qg4+ 48. Rg2 Qd4+ 49. Kh2 Qf4+ 50. Kg1 Qc1+ 51.
Kh2 Qh6+ 52. Kg1 Qe3+ 53. Kh2 Qe5+ 54. Kg1 Qd4+ 55. Kh2 Qxc4 56. Rg7+ Kd6 57. Qb8+ Kc5 58. Qf8+ Kb6 59. Qd8+ Kc5 60. Qf8+ Kb6 61. Qd8+ Kc5 62.
Qf8+ 1/2-1/2

[Event "*** Titled Tuesday Blitz"]
[Site "Chess.com"]
[Date "2020.05.05"]
[Round "2"]
[White "AlexZambrano"]
[Black "Boudicca64"]
[Result "0-1"]
[WhiteElo "2321"]
[BlackElo "1944"]
[TimeControl "180+1"]
[EndTime "10:19:16 PDT"]
[Termination "Boudicca64 won by resignation"]

1. Nf3 c5 2. c4 g6 3. Nc3 Bg7 4.
e3 Nc6 5. Be2 e6 6. O-O Nge7 7. d4 cxd4 8. exd4 d5 9. cxd5 Nxd5 10. Nxd5 Qxd5 11. Be3 O-O 12. b3 Rd8 13. Bc4 Qd6 14.
Qd3 Nxd4 15. Nxd4 Bxd4 16. Rad1 Be5 17. f4 Qxd3 18. Bxd3 Bg7 19. Be4 Bf6 20. a4 Kf8 21. Rc1 Bd4 22. Kf2 Bxe3+ 23. Kxe3 Rb8 24. Rc7 Bd7 25.
Rxb7 Rxb7 26. Bxb7 Rb8 27. Be4 Rxb3+ 28. Kd4 Rb4+ 29.
Ke3 Rxa4 30. Rc1 Bb5 31. Rc8+ Kg7 32. Rc7 a5 33. Ra7 h5 34. h3 Ra1 35. Kd4 Ra4+ 36.
Ke3 Ra1 37. Bf3 a4 38. Kd4 a3 39. Kc5 Bd3 40. Kb4 a2 41. Kb3 Bf5 42. Rxa2 Rxa2 43.
Kxa2 h4 44. Kb3 Kf6 45. Kc4 Bb1 46. Kd4 Kf5 47. Ke3 Ba2 48. Be4+ Kf6 49. Kd4 Bd5 50. Bxd5 exd5 51. Kxd5 Kf5 52. Kd4 Kxf4 53. Kd5 Kg3 54. Ke5 Kxg2 55. Kf6 Kxh3 56. Kxf7 Kg3 57. Kxg6 h3 58.
Kf5 h2 0-1

[Event "*** Titled Tuesday Blitz"]
[Site "Chess.com"]
[Date "2020.05.05"]
[Round "2"]
[White "Sosat98"]
[Black "Oglob71"]
[Result "1-0"]
[WhiteElo "2690"]
[BlackElo "2476"]
[TimeControl "180+1"]
[EndTime "10:19:17 PDT"]
[Termination "Sosat98 won by checkmate"]

1. e4 c5 2. Nf3 Nc6 3. Bb5 e6 4. c3 Nge7 5. O-O a6 6. Ba4 b5 7. Bc2 Bb7 8. a4 d5 9. exd5 Nxd5 10. d4 cxd4 11. Nxd4 b4 12. Re1 Be7 13. Nxe6 fxe6 14. Qh5+ g6 15. Bxg6+ Kd7 16. Bf7 Kc7 17. Bxe6 Nf6 18.
Qf5 Rf8 19. cxb4 Bxb4 20. Nc3 Nd4 21. Bf4+ Bd6 22. Qc5+ Nc6 23. Rad1 Bxf4 24. Rxd8 Raxd8 25. Nd5+ Nxd5 26. Bxd5 Bd6 27. Qc4 Rde8 28. Rc1 Kb8 29. Bxc6 Rc8 30. Qb3 Rc7 31. Rc3 Ka8 32. Bxb7+ Rxb7 33. Qc4 Rb6 34. Qd5+ Kb8 35. g3 Rd8 36. Qf7 Rb7 37.
Qe6 Rxb2 38. Rc6 Bc7 39. Rxa6 Rd1+ 40. Kg2 Rdd2 41. Qe8+ Bd8 42. Rf6 Kc7 43. Rf3 Kb6 44. Qh8 Ka5 45. Qxh7 Bb6 46. Qf7 Kxa4 47. h4 Bd4 48. h5 Kb4 49. h6 Kc5 50. h7 Bh8 51. Qf8+ Kc4 52. Qxh8 Rd5 53. Qf8 Kd4 54. h8=Q+ Ke4 55.
Qxb2 Rd3 56. Qf5# 1-0

[Event "*** Titled Tuesday Blitz"]
[Site "Chess.com"]
[Date "2020.05.05"]
[Round "2"]
[White "Lupul_Cenusiu"]
[Black "Gloomy_Wanderer"]
[Result "0-1"]
[WhiteElo "2524"]
[BlackElo "2788"]
[TimeControl "180+1"]
[EndTime "10:19:18 PDT"]
[Termination "Gloomy_Wanderer won on time"]

1. d4 Nf6 2. c4 e6 3. Nc3 Bb4 4.
Bd2 O-O 5. Nf3 b6 6. g3 Bb7 7.
Bg2 Bxc3 8. Bxc3 Ne4 9. Rc1 d6 10. O-O Nd7 11. Qc2 f5 12. b3 Nxc3 13. Qxc3 Nf6 14.
Rcd1 Qe7 15. Qb2 Rae8 16. a4 a5 17. Qa3 e5 18. dxe5 dxe5 19. Qxe7 Rxe7 20. Nh4 Bxg2 21.
Kxg2 Ne4 22. Rd5 Nc5 23. Nf3 Rfe8 24. Rb1 Kf7 25. h4 g6 26. Rb2 Kf6 27. Ng5 h6 28. Nf3 g5 29. hxg5+ hxg5 30. Rd1 e4 31. Nh2 Rd7 32.
Rxd7 Nxd7 33. b4 axb4 34. Rxb4 Ra8 35. f3 exf3+ 36. Nxf3 Nc5 37. Nd4 Rxa4 38. Rxa4 Nxa4 39. Nb5 c6 40. Nd4 c5 41. Nb5 Nb2 42. Na3 Ke5 43. Kf3 Kd4 44. Nb5+ Kxc4 45. Nd6+ Kd5 46. Nxf5 Ke5 47. Ne3 b5 48. Nc2 b4 49. Ke3 Nc4+ 50. Kd3 Nd6 51. Ne3 Ne4 52. g4 Nd6 53. Nc2 c4+ 54. Ke3 b3 55. Na3 Kd5 0-1

[Event "*** Titled Tuesday Blitz"]
[Site "Chess.com"]
[Date "2020.05.05"]
[Round "2"]
[White "korkmaz16"]
[Black "LiamPutnam2008"]
[Result "0-1"]
[WhiteElo "2288"]
[BlackElo "2541"]
[TimeControl "180+1"]
[EndTime "10:19:18 PDT"]
[Termination "LiamPutnam2008 won on time"]

1. e4 c5 2. Nf3 d6 3. d4 cxd4 4. Nxd4 Nf6 5. Nc3 g6 6. Be3 Bg7 7. f3 O-O 8. Qd2 Nc6 9. Bc4 Bd7 10. O-O-O Rc8 11. Bb3 Ne5 12. h4 h5 13. Bg5 Rc5 14. f4 Neg4 15. Rhe1 b5 16. f5 b4 17. Nd5 Nxd5 18. Bxd5 Ne5 19. fxg6 Nxg6 20. Nf5 Bxf5 21. exf5 Ne5 22. f6 exf6 23. Bf4 Qa5 24. Bb3 Nc4 25.
Qe2 Nxb2 26. Kxb2 f5+ 27. Kb1 d5 28. Qxh5 Qb5 29. Qxf5 a5 30. Rxd5 Rxd5 31. Bxd5 Qb6 32. h5 a4 33. h6 Bf6 34. Be5 b3 35. Qg4+ Kh8 36. Bxf6+ Qxf6 37. Qg7+ Qxg7 38. hxg7+ Kxg7 39. axb3 axb3 40. Bxb3 Rd8 41. Re2 Rd1+ 42. Kb2 Rg1 43. c4 Rf1 44. c5 Rf6 45. Rc2 Rc6 46. Ba4 Rc7 47. c6 Kf6 48. Kb3 Ke6 49. Kb4 Kd6 50.
Kb5 Rc8 51. Kb6 Rb8+ 52. Ka7 Kc7 53. Rf2 Rb4 54. Rxf7+ Kc8 0-1

[Event "*** Titled Tuesday Blitz"]
[Site "Chess.com"]
[Date "2020.05.05"]
[Round "2"]
[White "ItsCheckM8Mate"]
[Black "MartinMatthiesen"]
[Result "0-1"]
[WhiteElo "2260"]
[BlackElo "2475"]
[TimeControl "180+1"]
[EndTime "10:19:18 PDT"]
[Termination "MartinMatthiesen won on time"]

1. e4 c5 2. Nf3 d6 3. d4 cxd4 4.
Nxd4 Nf6 5. Nc3 a6 6. h3 e6 7. g4 Nc6 8. g5 Nd7 9. Be3 Qc7 10. Bg2 b5 11. O-O Bb7 12. f4 Nxd4 13. Qxd4 Rc8 14. f5 e5 15. Qd2 Nb6 16. Bxb6 Qxb6+ 17. Kh2 Qd4 18. Rad1 Qxd2 19. Rxd2 g6 20. Rfd1 h6 21. gxh6 Rxh6 22. f6 Rh4 23. Kg3 Rh5 24. Bf3 Rh6 25. Bg4 Rd8 26. Nd5 Bxd5 27. Rxd5 g5 28. Rf1 Rh8 29.
Rfd1 Rh6 30. Rf1 Rh4 31. c3 Rb8 32. Rfd1 Rb6 33. R1d2 Rh6 34. Rf2 Kd8 35. a4 Kc7 36. axb5 Rxb5 37. Rxb5 axb5 38. Be2 Kb6 39. Kg4 Rg6 40.
Bf1 Bh6 41. Kf5 Bf8 42. Be2 Kc5 43. Bh5 Rh6 44. Kg4 Rh7 45. Kxg5 Bh6+ 46. Kf5 Bf4 47. Bg4 Rh6 48. Re2 Kc4 49. b3+ Kd3 50. c4 b4 51.
Rg2 Kc3 0-1

[Event "*** Titled Tuesday Blitz"]
[Site "Chess.com"]
[Date "2020.05.05"]
[Round "2"]
[White "Angel_Hranitel_37"]
[Black "Kaponov"]
[Result "1-0"]
[WhiteElo "2373"]
[BlackElo "2061"]
[TimeControl "180+1"]
[EndTime "10:19:18 PDT"]
[Termination "Angel_Hranitel_37 won on time"]

1. d4 Nf6 2. Nf3 e6 3. g3 d5 4. Bg2 Bd6 5. O-O O-O 6. c4 dxc4 7. Qc2 Nbd7 8. Qxc4 c5 9. Nc3 a6 10. dxc5 Bxc5 11.
Qh4 Qa5 12. a3 Be7 13. b4 Qh5 14. Qxh5 Nxh5 15. Bb2 Bf6 16. e3 g6 17. g4 Ng7 18.
g5 Be7 19. Ne4 Nf5 20. Rfd1 Rd8 21. Rd2 Nb6 22. Rxd8+ Bxd8 23. Rd1 Be7 24. Nf6+ Bxf6 25. Bxf6 Bd7 26. Bd4 Nxd4 27. Nxd4 Rb8 28. Nb3 Ba4 29. Rd3 Bxb3 30. Rxb3 Nc4 31. Rc3 Nd6 32. Rc7 Kf8 33.
a4 Ke8 34. Rc5 Kd7 35. e4 b6 36. Rc3 Rc8 37. Rd3 Ke7 38. e5 Nf5 39. Bf1 Rc4 40. a5 bxa5 41. bxa5 Rc5 42. Ra3 Rxe5 43. Bxa6 Nh4 44.
f4 Rc5 45. Be2 Nf5 46. a6 Rc8 47. a7 Ra8 48. Bf3 1-0

[Event "*** Titled Tuesday Blitz"]
[Site "Chess.com"]
[Date "2020.05.05"]
[Round "2"]
[White "Rud_Makarian"]
[Black "pichonazo"]
[Result "1/2-1/2"]
[WhiteElo "2733"]
[BlackElo "2518"]
[TimeControl "180+1"]
[EndTime "10:19:19 PDT"]
[Termination "Game drawn by repetition"]

1. d4 Nf6 2. c4 g6 3. Nc3 d5 4.
Bf4 Bg7 5. e3 O-O 6. Rc1 Be6 7.
c5 c6 8. Bd3 Nbd7 9. h3 b6 10.
b4 a5 11. a3 axb4 12. axb4 bxc5 13. bxc5 Qa5 14. Ne2 Ne4 15. Bxe4 dxe4 16. O-O Bd5 17. Nxd5 cxd5 18. c6 Nb6 19. Rc5 Qa6 20. Nc3 e6 21. Nb5 Na4 22. Nc7 Qa7 23. Nxa8 Nxc5 24. Qa1 Qxa8 25.
Qxa8 Rxa8 26. dxc5 e5 27. Bg5 f6 28. Bh4 Rc8 29.
Rd1 Rxc6 30. Rxd5 Rc7 31. g4 g5 32. Bg3 Bf8 33. Rd8 Rxc5 34. Ra8 Rc7 35. Ra4 Kf7 36. Rxe4 Kg6 37. Ra4 Be7 38. Ra6 Kf7 39. Kg2 Rc4 40.
Kf3 h6 41. Rb6 Ra4 42. Rc6 Rb4 43. e4 Rb3+ 44. Ke2 Ra3 45. Rc2 Rb3 46. h4 Ke6 47. h5 Bd6 48. f3 Rb7 49. Bf2 Be7 50.
Be3 Kf7 51. Kd3 Ke6 52. Rc6+ Kd7 53. Rb6 Rxb6 54. Bxb6 Kc6 55. Be3 Bd6 56. Kc4 Be7 57.
Ba7 Bd6 58. Be3 Be7 59. Bd2 Bd6 60. Ba5 Be7 61. Bc3 Bd6 62. Bd2 Be7 63. Ba5 Kd7 64.
Kd5 Bf8 65. Bb6 Be7 66. Ba5 Bf8 67. Bc3 Bd6 68. Bb2 Bf8 69. Ba1 Bd6 70. Bc3 Bf8 71. Ba5 Be7 72. Bd2 Bf8 73. Bc3 Bd6 74. Ba5 Bf8 1/2-1/2

[Event "*** Titled Tuesday Blitz"]
[Site "Chess.com"]
[Date "2020.05.05"]
[Round "2"]
[White "tufferguy"]
[Black "kinga2008"]
[Result "0-1"]
[WhiteElo "2365"]
[BlackElo "2110"]
[TimeControl "180+1"]
[EndTime "10:19:19 PDT"]
[Termination "kinga2008 won by checkmate"]

1. e4 g6 2. d4 Bg7 3. f4 d6 4. Nc3 e5 5. Nf3 Nc6 6. fxe5 dxe5 7.
d5 Nd4 8. Be3 Bg4 9. Be2 Nxe2 10.
Qxe2 Ne7 11. h3 Bxf3 12. Qxf3 f5 13. exf5 Nxf5 14. O-O-O O-O 15. g4 Nxe3 16. Qxe3 Qh4 17. Kb1 Rae8 18. Ne4 Rf4 19. d6 cxd6 20. Qb3+ Kh8 21.
Nxd6 Ref8 22. Qxb7 Qf2 23. a3 Qe2 24. Rhe1 Qh2 25. Qxa7 Rf2 26. Qc7 Rd2 27. Rxd2 Qxd2 28. Qc3 Qxc3 29. bxc3 Rf3 30. Kb2 Bf8 31. Ne4 Rxh3 32.
a4 Rf3 33. a5 Rf7 34. a6 Ra7 35. Ra1 h5 36. gxh5 gxh5 37. c4 h4 38. c5 Be7 39.
c6 Bd8 40. Nf2 Bb6 41. Nh3 Bd4+ 42. c3 Bb6 43. Kc2 Kg7 44. Rb1 Bc7 45. Rb5 Rxa6 46. Rb7 Rxc6 47. Ng5 Kf6 48. Ne4+ Kf5 49. Rxc7 Rxc7 50.
Nd6+ Ke6 51. Ne4 Rc4 52. Ng5+ Kf5 53. Nf3 Rf4 54. Nd2 e4 55. Nf1 h3 56. Ne3+ Kg5 57. Ng2 Rf2+ 58. Kd1 hxg2 59. c4 g1=Q# 0-1

[Event "*** Titled Tuesday Blitz"]
[Site "Chess.com"]
[Date "2020.05.05"]
[Round "2"]
[White "Kezin_Roman"]
[Black "Problematique_99"]
[Result "0-1"]
[WhiteElo "2788"]
[BlackElo "2546"]
[TimeControl "180+1"]
[EndTime "10:19:20 PDT"]
[Termination "Problematique_99 won on time"]

1. d4 Nf6 2. c4 e6 3. g3 c5 4.
d5 exd5 5. cxd5 d6 6. Nc3 g6 7. Nf3 Bg7 8. Bg2 O-O 9. O-O Re8 10. Nd2 Nbd7 11. a4 Ne5 12. Qc2 b6 13. h3 Ba6 14.
Nb5 Bxb5 15. axb5 Ned7 16. Nc4 Ne5 17. Ra6 Nxc4 18. Qxc4 Nd7 19. Qc2 Nb8 20. Ra4 a5 21. bxa6 Rxa6 22. e3 Rxa4 23. Qxa4 Qd7 24. Qa8 Qb5 25.
Qb7 Na6 26. Qc6 Qxc6 27. dxc6 Rc8 28. Rd1 Bf8 29. b3 Nb8 30. Bb2 Nxc6 31. Ra1 Nb4 32. Ra7 Bg7 33. Bxg7 Kxg7 34. Rb7 Ra8 35. Rxb6 Ra1+ 36.
Kh2 Ra2 37. f4 Nc2 38. Kg1 Nxe3 39. Bf3 d5 40. Rc6 Rc2 41. h4 d4 42. Rd6 Nf5 43. Rc6 Nxg3 44. b4 Nf5 45. Rxc5 Rxc5 46. bxc5 Kf6 47.
Bd5 Ke7 48. h5 Ne3 49. Be4 gxh5 50. Bxh7 Ke6 51. Be4 f5 52. Bf3 Nd5 0-1

[Event "*** Titled Tuesday Blitz"]
[Site "Chess.com"]
[Date "2020.05.05"]
[Round "2"]
[White "TudorAnton"]
[Black "johnathan113"]
[Result "1/2-1/2"]
[WhiteElo "2513"]
[BlackElo "2729"]
[TimeControl "180+1"]
[EndTime "10:19:20 PDT"]
[Termination "Game drawn by repetition"]

1. d4 Nf6 2. Nf3 g6 3. g3 Bg7 4. Bg2 O-O 5. O-O c5 6. dxc5 Na6 7. Nbd2 Nxc5 8. Nb3 d6 9. Nxc5 dxc5 10. Qxd8 Rxd8 11.
Be3 Ne4 12. c3 Bd7 13. Ng5 Nxg5 14. Bxg5 Kf8 15. Rfd1 Ba4 16. b3 Bb5 17. Bxb7 Rab8 18.
Bf3 Bxc3 19. Rac1 Bb4 20. Bh6+ Ke8 21. a4 Bd7 22. Be3 Be6 23. Bc6+ Kf8 24. Rxd8+ Rxd8 25. Bxc5 Bxc5 26. Rxc5 Bxb3 27. Ra5 Rc8 28. Bb7 Rc1+ 29. Kg2 Rc7 30. Bf3 f6 31. h4 Kf7 32. h5 e5 33.
g4 Ke6 34. Ra6+ Kf7 35. Be4 Bc4 36. Rd6 Ke7 37. Rd2 gxh5 38. gxh5 Ke6 39. Rc2 f5 40.
Bd3 Bd5+ 41. e4 Rg7+ 42. Kf3 fxe4+ 43. Bxe4 Bxe4+ 44. Kxe4 Rg4+ 45. Kf3 Rxa4 46. Rc7 h6 47. Rc6+ Kf5 48. Rxh6 Ra3+ 49. Kg2 e4 50. Rh8 Kf6 51. Rg8 Kf7 52. Rg4 Ra4 53. h6 Ra6 54. Rh4 Rg6+ 55.
Kh3 Kg8 56. Rxe4 Rxh6+ 57. Kg4 Rg6+ 58. Kf5 Rb6 59. Re7 a6 60. Ra7 Kf8 61. Kg5 Rb5+ 62. Kg4 Rb6 63. f4 Rc6 64. Kg5 Rb6 65. f5 Rc6 66. f6 Rc1 67. Rxa6 Rg1+ 68. Kf5 Rf1+ 69.
Ke5 Re1+ 70. Kf5 Rf1+ 71. Ke5 Re1+ 72. Kf5 Rf1+ 1/2-1/2

[Event "*** Titled Tuesday Blitz"]
[Site "Chess.com"]
[Date "2020.05.05"]
[Round "2"]
[White "ZEN-22"]
[Black "Dumbo32"]
[Result "0-1"]
[WhiteElo "2351"]
[BlackElo "2206"]
[TimeControl "180+1"]
[EndTime "10:19:20 PDT"]
[Termination "Dumbo32 won by resignation"]

1. d4 d5 2. Bg5 c5 3. e4 dxe4 4. d5 g6 5. Nc3 Bg7 6. Nxe4 Qb6 7. Rb1 Qb4+ 8. Nd2 Nf6 9. a3 Qa5 10. Bc4 b5 11. b4 cxb4 12. axb4 Qb6 13. Bb3 O-O 14.
Ngf3 Bb7 15. c4 bxc4 16. Nxc4 Qxb4+ 17. Ncd2 Ba6 18. Bc4 Qc5 19. Be3 Qc7 20. Bxa6 Nxa6 21. O-O Nxd5 22. Rc1 Qd8 23. Bg5 h6 24. Bh4 Nab4 25.
Nc4 Nf4 26. Qxd8 Rfxd8 27. Bxe7 Ne2+ 28. Kh1 Nxc1 29. Bxd8 Rxd8 30. Rxc1 Rc8 31. Nfd2 Nd3 32. Rf1 Bd4 33. g3 Nxf2+ 34. Kg2 Ng4 35. Rf4 Ne3+ 36.
Kh3 Nxc4 37. Rxd4 Nxd2 38. Rxd2 a5 39. Ra2 Ra8 40. Ra4 Kg7 41. Kg4 Kf6 42. Kf4 Ke6 43. Ke4 f5+ 44. Kd4 Kd6 45. Kc4 g5 46. Kb5 Ke5 47. h4 f4 48. hxg5 hxg5 49. gxf4+ gxf4 50. Kc4 Ke4 51. Kb5+ Ke3 52. Ra3+ Kf2 53. Kc4 f3 54.
Kd3 a4 55. Ke4 Re8+ 56. Kf4 Rf8+ 57. Kg4 Kg2 58. Rxa4 f2 59. Ra2 Kg1 60. Kg3 f1=Q 61. Ra3 Rg8+ 0-1

[Event "*** Titled Tuesday Blitz"]
[Site "Chess.com"]
[Date "2020.05.05"]
[Round "2"]
[White "Indianlad"]
[Black "Joshukid"]
[Result "1-0"]
[WhiteElo "2914"]
[BlackElo "2566"]
[TimeControl "180+1"]
[EndTime "10:19:22 PDT"]
[Termination "Indianlad won on time"]

1. d4 Nf6 2. c4 e6 3. Nf3 d5 4. g3 Be7 5. Bg2 O-O 6. O-O dxc4 7. Qc2 a6 8. a4 Bd7 9. Qxc4 Bc6 10. Bf4 Bd6 11. Qc1 Nbd7 12. Nc3 Ne4 13. Re1 Nxc3 14.
bxc3 Nf6 15. Bg5 h6 16. Bxf6 Qxf6 17. e4 e5 18. c4 b6 19. c5 bxc5 20. dxc5 Be7 21.
Qc3 Rfe8 22. Qxe5 Bd8 23. Qxf6 Bxf6 24. e5 Be7 25. e6 fxe6 26. Rxe6 Bd5 27. Re5 Bxf3 28.
Bxf3 Bf6 29. Rxe8+ Rxe8 30. Ra2 a5 31. Be2 Re4 32. c6 Kf8 33. Bb5 Ke7 34. Kg2 Kd6 35. h4 Rd4 36. Re2 Kc5 37. f4 Rb4 38. Kh3 Rb3 39. h5 Bd4 40. Re7 Kb6 41. Kg2 Rb2+ 42. Kh3 Rb3 43. Re2 Rb2 44. Re4 Kc5 45. Kg4 Rb3 46. Re2 Re3 47. Rg2 Bc3 48. Kf5 Kd6 49. g4 Ke7 50. g5 hxg5 51. fxg5 Kf7 52. Bc4+ Kf8 53. Re2 Rxe2 54. Bxe2 Kg8 55. Bc4+ Kh8 56. Ke6 Bd4 57. Kd7 Bb6 58. g6 1-0

[Event "*** Titled Tuesday Blitz"]
[Site "Chess.com"]
[Date "2020.05.05"]
[Round "2"]
[White "AleksanderHnydiuk"]
[Black "Anton_Demchenko"]
[Result "0-1"]
[WhiteElo "2550"]
[BlackElo "2851"]
[TimeControl "180+1"]
[EndTime "10:19:22 PDT"]
[Termination "Anton_Demchenko won on time"]

1. Nf3 Nf6 2. c4 d6 3. d4 Nc6 4. g3 e5 5. Bg2 Be7 6. O-O O-O 7. Nc3 a5 8. h3 h6 9. e4 Re8 10. Be3 Bf8 11. Qd2 b6 12. Rfd1 Bb7 13. Qc2 Qb8 14. Nd5 Nd7 15. Rac1 Nb4 16. Qb1 c6 17. Nc3 Rd8 18.
a3 Na6 19. b4 axb4 20. axb4 Nc7 21. Qb3 Be7 22. Ra1 Rxa1 23. Rxa1 Bf6 24. Rd1 Qc8 25. Ne2 c5 26. dxe5 dxe5 27. Nc3 Ne6 28. Nd5 Nd4 29.
Bxd4 exd4 30. Ne1 Bxd5 31. exd5 Be7 32. Nd3 Bd6 33. Ra1 Qc7 34. b5 Re8 35. Bf3 g6 36.
Kg2 h5 37. h4 Qd8 38. Ra7 Nf6 39. Qa2 Kg7 40. Rb7 Nd7 41. Qa7 Re7 42. Qa6 Qe8 43. Qa7 Kg8 44. Qa6 Kh7 45. Qa7 Kg7 46. Qa6 Qc8 47. Qa7 Qd8 48. Kg1 Nf6 49. Kg2 Rxb7 50.
Qxb7 Nd7 51. Qc6 Ne5 52. Qb7 Nxd3 0-1

[Event "*** Titled Tuesday Blitz"]
[Site "Chess.com"]
[Date "2020.05.05"]
[Round "2"]
[White "abubakrtagelsir"]
[Black "anon132639"]
[Result "0-1"]
[WhiteElo "2341"]
[BlackElo "2631"]
[TimeControl "180+1"]
[EndTime "10:19:22 PDT"]
[Termination "anon132639 won by resignation"]

1. e4 c5 2. Nc3 Nc6 3. f4 e6 4. Nf3 Nf6 5. d4 cxd4 6. Nxd4 d5 7. e5 Nd7 8. Be3 Bc5 9. Qd2 Nxd4 10. Bxd4 a6 11. O-O-O b5 12. Qf2 Qb6 13. Bxc5 Qxc5 14.
Qg3 O-O 15. f5 exf5 16. Rxd5 Qe7 17. Bd3 Bb7 18. Rd4 Nxe5 19. Bxf5 Rad8 20. Rhd1 Rxd4 21.
Rxd4 Qf6 22. Rf4 Ng6 23. Bxg6 Qxg6 24. Qxg6 hxg6 25. g3 Rd8 26. Rf2 b4 27. Ne2 Be4 28. b3 g5 29. Ng1 g4 30. Rd2 Rc8 31. Ne2 f5 32. Nf4 Rc3 33. Ne6 Re3 34. Kb2 Kf7 35. Nc5 a5 36. Nd7 Ke6 37. Nf8+ Kf6 38. Nd7+ Kg5 39.
Nc5 g6 40. Ne6+ Kf6 41. Nf4 g5 42. Ne2 Ke5 43. Nd4 f4 44. gxf4+ gxf4 45. Nb5 g3 46. hxg3 fxg3 47. Nd4 g2 48. Ne2 Rxe2 49. Rxe2 g1=Q 0-1

[Event "*** Titled Tuesday Blitz"]
[Site "Chess.com"]
[Date "2020.05.05"]
[Round "2"]
[White "MPGM"]
[Black "kleinebeer98"]
[Result "1-0"]
[WhiteElo "2493"]
[BlackElo "2681"]
[TimeControl "180+1"]
[EndTime "10:19:23 PDT"]
[Termination "MPGM won on time"]

1. d4 Nf6 2. Bg5 d5 3. e3 c5 4. Nd2 Nc6 5. c3 e5 6. dxe5 Nxe5 7. Bb5+ Nc6 8. Ngf3 h6 9. Bxf6 Qxf6 10. O-O Bf5 11. Re1 O-O-O 12. Qa4 Rd6 13. e4 dxe4 14. Nxe4 Bxe4 15. Rxe4 a6 16. Bxc6 Rxc6 17. Ne5 Re6 18.
Qd7+ Kb8 19. Qd5 Ka7 20. Rae1 Bd6 21. Nc4 Rxe4 22. Rxe4 Rd8 23. g3 Be7 24. Qe5 Qxe5 25. Rxe5 Bf8 26. Kf1 b5 27. Ne3 Rd2 28. Re8 Bd6 29.
Rd8 g6 30. Rd7+ Kb6 31. Rxf7 Rxb2 32. Rf6 Kc7 33. a4 Rb1+ 34. Ke2 bxa4 35. Nc4 Be7 36. Rxa6 Rb3 37. Kd3 Rb1 38. Ra7+ Kd8 39. Ne5 Bf6 40.
Nc6+ Ke8 41. Rxa4 Rc1 42. Re4+ Kf7 43. Ne5+ Kg7 44. f4 Rd1+ 45. Kc4 Rd2 46. h4 Rg2 47. Re3 g5 48. hxg5 hxg5 49. Kxc5 gxf4 50. gxf4 Rf2 51.
Ng4 Bxc3 52. Nxf2 Bd2 53. Rg3+ Kf7 54. Nd3 1-0

[Event "*** Titled Tuesday Blitz"]
[Site "Chess.com"]
[Date "2020.05.05"]
[Round "2"]
[White "afgano29"]
[Black "blitzking1729"]
[Result "1/2-1/2"]
[WhiteElo "2698"]
[BlackElo "2488"]
[TimeControl "180+1"]
[EndTime "10:19:24 PDT"]
[Termination "Game drawn by agreement"]

1. d4 d6 2. Nf3 g6 3. c4 Bg7 4.
Nc3 Bg4 5. g3 Bxf3 6. exf3 e6 7.
f4 Nd7 8. Bg2 Rb8 9. O-O Ne7 10.
d5 e5 11. fxe5 Nxe5 12. Qa4+ Qd7 13. Qb3 O-O 14. Be3 b6 15. h3 Nf5 16. Rfe1 Nd3 17. Re2 Rfe8 18. Qc2 Nxe3 19. Qxd3 Nxg2 20. Kxg2 Rxe2 21. Qxe2 Re8 22. Qd3 Bxc3 23. Qxc3 Qf5 24.
Re1 Rxe1 25. Qxe1 Qc2 26. Qb4 Qe4+ 27. Kg1 Qb1+ 28. Kg2 Qxa2 29. Qb5 Kg7 30. h4 h5 31. b3 Qc2 32. Kg1 a5 33. Qa4 Qc3 34. Kf1 Qb4 35. Qa1+ Kg8 36. Qa4 Qxa4 37. bxa4 Kg7 38. Ke2 Kf6 39. Ke3 Ke5 40. f3 f6 41. Kd3 g5 42. Ke3 Kf5 43. hxg5 fxg5 44. Kf2 h4 45. Kg2 Ke5 46. f4+ Kf5 47. fxg5 hxg3 48. Kxg3 Kxg5 49.
Kf3 Kf5 50. Ke3 Ke5 51. Kd3 Kf4 52. Kd4 Kf3 53. Kd3 Kf2 54. Kd2 Kg3 55. Ke3 Kg4 56.
Ke4 Kg5 57. Kd3 Kf5 58. Ke3 Ke5 59. Kd3 Kf4 60. Kd4 1/2-1/2